BSA
POCATELLO BOCCABELLAS @ ST. LOUIS BROWNS
08/21/2026
 
TOP OF THE 1ST
Pocatello Boccabellas batting - Pitching for St. Louis Browns : LHP Luis Noriega
Pitching: LHP Luis Noriega
Batting: RHB José García 0-0: Swinging Strike
0-1: Ball
1-1: Ground out 6-3 (Groundball, 6)
Batting: LHB Norberto Muñóz 0-0: Ball
1-0: Called Strike
1-1: Foul Ball, location: 2F
1-2: Foul Ball, location: 2F
1-2: Foul Ball, location: 2F
1-2: Ball
2-2: Strikes out swinging
Batting: RHB Marlon Phipps 0-0: Swinging Strike
0-1: Ball
1-1: Foul Ball, location: 2F
1-2: Ball
2-2: Strikes out swinging
Top of the 1st over - 0 run(s), 0 hit(s), 0 error(s), 0 left on base; Pocatello 0 - St. Louis 0
BOTTOM OF THE 1ST
St. Louis Browns batting - Pitching for Pocatello Boccabellas : LHP Osvaldo Cruz
Pitching: LHP Osvaldo Cruz
Batting: LHB Mike Hill 0-0: Ball
1-0: Swinging Strike
1-1: Ball
2-1: Foul Ball, location: 2F
2-2: Ball
3-2: Ground out 6-3 (Groundball, 6M)
Batting: RHB R.J. Parker 0-0: Called Strike
0-1: Swinging Strike
0-2: Strikes out swinging
Batting: LHB Stan Hickman 0-0: SINGLE (Groundball, 4MD)
Batting: RHB Carlos Alfaro 0-0: Ball
1-0: Called Strike
1-1: Fly out, F9 (Flyball, 89D)
Bottom of the 1st over - 0 run(s), 1 hit(s), 0 error(s), 1 left on base; Pocatello 0 - St. Louis 0
TOP OF THE 2ND
Pocatello Boccabellas batting - Pitching for St. Louis Browns : LHP Luis Noriega
Batting: LHB Juan Cortés 0-0: Swinging Strike
0-1: Called Strike
0-2: SINGLE (Flyball, 7LS)
Batting: RHB Francisco Sandoval 0-0: Called Strike
0-1: Foul Ball, location: 2F
0-2: Ball
1-2: Reached on error, E4 (Groundball, 4M)
Juan Cortés to second
Batting: RHB Pedro Guzmán 0-0: Foul Ball, location: 2F
0-1: Swinging Strike
0-2: Foul Ball, location: 2F
0-2: Ball
1-2: Ball
2-2: Strikes out swinging
Batting: RHB José Delgado 0-0: Called Strike
0-1: Grounds into double play, 6-4-3 (Groundball, 6)
Top of the 2nd over - 0 run(s), 1 hit(s), 1 error(s), 1 left on base; Pocatello 0 - St. Louis 0
BOTTOM OF THE 2ND
St. Louis Browns batting - Pitching for Pocatello Boccabellas : LHP Osvaldo Cruz
Batting: RHB Mario Rosales 0-0: Ball
1-0: Ball
2-0: Ground out 6-3 (Groundball, 6)
Batting: RHB Will Brown 0-0: Ball
1-0: Called Strike
1-1: Ball
2-1: Ball
3-1: Called Strike
3-2: Foul Ball, location: 2F
3-2: Strikes out swinging
Batting: LHB Clinton Clark 0-0: SINGLE (Line Drive, 6D)
Batting: RHB Anthony Rucker 0-0: Foul Ball, location: 2F
0-1: Fielders Choice at 2nd, 6-4 (Groundball, 6)
Bottom of the 2nd over - 0 run(s), 1 hit(s), 0 error(s), 0 left on base; Pocatello 0 - St. Louis 0
TOP OF THE 3RD
Pocatello Boccabellas batting - Pitching for St. Louis Browns : LHP Luis Noriega
Batting: RHB Chris Parker 0-0: Ball
1-0: Called Strike
1-1: Ball
2-1: Called Strike
2-2: Foul Ball, location: 2F
2-2: Strikes out swinging
Batting: RHB Carl Bryant 0-0: Ball
1-0: Swinging Strike
1-1: Ball
2-1: Ball
3-1: Base on Balls
Batting: RHB José García 0-0: Ball
1-0: Foul Ball, location: 2F
1-1: Ball
2-1: Called Strike
2-2: TRIPLE (Flyball, 8LXD)
Carl Bryant scores
Batting: LHB Norberto Muñóz 0-0: Called Strike
0-1: Ground out 4-3 (Groundball, 4)
José García scores
Batting: RHB Marlon Phipps 0-0: Called Strike
0-1: Swinging Strike
0-2: Ball
1-2: Strikes out looking
Top of the 3rd over - 2 run(s), 1 hit(s), 0 error(s), 0 left on base; Pocatello 2 - St. Louis 0
BOTTOM OF THE 3RD
St. Louis Browns batting - Pitching for Pocatello Boccabellas : LHP Osvaldo Cruz
Batting: SHB Ryobe Yamamoto 0-0: Foul Ball, location: 2F
0-1: Swinging Strike
0-2: Ball
1-2: Ball
2-2: Ball
3-2: Hit by Pitch
Batting: LHB Mike Hill 0-0: Ball
1-0: Called Strike
1-1: Fielders Choice at 2nd, 2-6 (Groundball, 2R)
Batting: RHB R.J. Parker 0-0: Called Strike
0-1: DOUBLE (Flyball, 7LD)
Mike Hill to third
Batting: LHB Stan Hickman 0-0: Called Strike
0-1: Ball
1-1: Ball
2-1: Foul Ball, location: 2F
2-2: Ball
3-2: Fly out, F7 (Flyball, 7M)
Runner from 3rd tags up, SCORES, no throw
Batting: RHB Carlos Alfaro 0-0: Foul Ball, location: 2F
0-1: Ball
1-1: Ball
2-1: Foul Ball, location: 2F
2-2: Ground out 5-3 (Groundball, 5L)
Bottom of the 3rd over - 1 run(s), 1 hit(s), 0 error(s), 1 left on base; Pocatello 2 - St. Louis 1
TOP OF THE 4TH
Pocatello Boccabellas batting - Pitching for St. Louis Browns : LHP Luis Noriega
Batting: LHB Juan Cortés 0-0: Swinging Strike
0-1: Ball
1-1: Swinging Strike
1-2: SOLO HOME RUN (Flyball, 89XD), Distance : 374 ft
Batting: RHB Francisco Sandoval 0-0: Foul Ball, location: 2F
0-1: Ball
1-1: Ball
2-1: Ground out U3 (Groundball, 3S)
Batting: RHB Pedro Guzmán 0-0: Ball
1-0: Ball
2-0: Called Strike
2-1: Ground out 6-3 (Groundball, 6)
Batting: RHB José Delgado 0-0: SINGLE (Line Drive, 4D)
Batting: RHB Chris Parker 0-0: Ball
1-0: DOUBLE (Line Drive, 9LS)
José Delgado to third
Runner from 3rd tries for Home, SAFE, no throw or cutoff
Batting: RHB Carl Bryant 0-0: Ball
1-0: Called Strike
1-1: Foul Ball, location: 2F
1-2: Strikes out looking
Top of the 4th over - 2 run(s), 3 hit(s), 0 error(s), 1 left on base; Pocatello 4 - St. Louis 1
BOTTOM OF THE 4TH
St. Louis Browns batting - Pitching for Pocatello Boccabellas : LHP Osvaldo Cruz
Batting: RHB Mario Rosales 0-0: Ground out 4-3 (Groundball, 4)
Batting: RHB Will Brown 0-0: Ball
1-0: Fly out, F6 (Popup, 56)
Batting: LHB Clinton Clark 0-0: Ball
1-0: Ball
2-0: Called Strike
2-1: Ground out 5-3 (Groundball, 6S)
Bottom of the 4th over - 0 run(s), 0 hit(s), 0 error(s), 0 left on base; Pocatello 4 - St. Louis 1
TOP OF THE 5TH
Pocatello Boccabellas batting - Pitching for St. Louis Browns : LHP Luis Noriega
Batting: RHB José García 0-0: Ball
1-0: Ball
2-0: Ball
3-0: Base on Balls
Batting: LHB Norberto Muñóz 0-0: Ball
1-0: Called Strike
1-1: Foul Ball, location: 2F
1-2: Ball
2-2: Ball
3-2: Foul Ball, location: 2F
3-2: Reaches on Catchers interference
José García to second
Pitching: RHP Ramón Silva
Batting: RHB Marlon Phipps 0-0: Ball
1-0: Ball
2-0: Called Strike
2-1: Ball
3-1: Swinging Strike
3-2: Strikes out looking
José García steals 3rd base
Batter strikes out.
Norberto Muñóz to second
Batting: LHB Juan Cortés 0-0: Called Strike
0-1: Ball
1-1: Fly out, F7 (Flyball, 7LM)
Runner from 3rd tags up, SCORES, no throw
Batting: RHB Francisco Sandoval 0-0: Foul Ball, location: 2F
0-1: Called Strike
0-2: Ball
1-2: Ball
2-2: Ground out 6-3 (Groundball, 6S)
Top of the 5th over - 1 run(s), 0 hit(s), 1 error(s), 1 left on base; Pocatello 5 - St. Louis 1
BOTTOM OF THE 5TH
St. Louis Browns batting - Pitching for Pocatello Boccabellas : LHP Osvaldo Cruz
Batting: RHB Anthony Rucker 0-0: SINGLE (Groundball, 5L) (infield hit)
Batting: SHB Ryobe Yamamoto 0-0: Ball
Anthony Rucker steals 2nd base
1-0: Foul Ball, location: 2F
1-1: Ground out 4-3 (Groundball, 4)
Anthony Rucker to third
Batting: LHB Mike Hill 0-0: Ball
1-0: Ball
2-0: Ball
3-0: Called Strike
3-1: Base on Balls
Batting: RHB R.J. Parker 0-0: Foul Ball, location: 2F
0-1: Ball
1-1: Ball
2-1: Foul Ball, location: 2F
2-2: SINGLE (Line Drive, 6D)
Anthony Rucker scores
Mike Hill to second
Batting: LHB Stan Hickman 0-0: Ball
1-0: Ball
2-0: Called Strike
2-1: Ball
3-1: Foul Ball, location: 2F
3-2: Fly out, F6 (Popup, 6)
Batting: RHB Carlos Alfaro 0-0: Ball
1-0: Fly out, F4 (Popup, 4MD)
Bottom of the 5th over - 1 run(s), 2 hit(s), 0 error(s), 2 left on base; Pocatello 5 - St. Louis 2
TOP OF THE 6TH
Pocatello Boccabellas batting - Pitching for St. Louis Browns : RHP Ramón Silva
Batting: RHB Pedro Guzmán 0-0: Called Strike
0-1: Ball
1-1: Swinging Strike
1-2: Ball
2-2: Strikes out swinging
Batting: RHB José Delgado 0-0: Foul Ball, location: 2F
0-1: Ball
1-1: Reached on error, E1 (Groundball, 23)
Batting: RHB Chris Parker 0-0: Ball
1-0: Ball
2-0: Ball
3-0: Fly out, F9 (Flyball, 89D)
Batting: RHB Carl Bryant 0-0: Ball
1-0: 2-RUN HOME RUN (Flyball, 7D), Distance : 373 ft
Batting: RHB José García 0-0: Ball
1-0: Called Strike
1-1: Swinging Strike
1-2: Foul Ball, location: 2F
1-2: Foul Ball, location: 2F
1-2: Strikes out swinging
Top of the 6th over - 2 run(s), 1 hit(s), 1 error(s), 0 left on base; Pocatello 7 - St. Louis 2
BOTTOM OF THE 6TH
St. Louis Browns batting - Pitching for Pocatello Boccabellas : LHP Osvaldo Cruz
Batting: RHB Mario Rosales 0-0: Foul Ball, location: 2F
0-1: Ball
1-1: Foul Ball, location: 2F
1-2: SINGLE (Groundball, 34)
Batting: RHB Will Brown 0-0: Ball
Pickoff Throw by Catcher to First - Out!
1-0: Ball
2-0: Called Strike
2-1: Ball
3-1: Fly out, F9 (Line Drive, 89S)
Batting: LHB Clinton Clark 0-0: Foul Ball, location: 2F
0-1: Ball
1-1: DOUBLE (Flyball, 8LS)
Batting: RHB Anthony Rucker 0-0: Ground out 5-3 (Groundball, 5S)
Bottom of the 6th over - 0 run(s), 2 hit(s), 0 error(s), 1 left on base; Pocatello 7 - St. Louis 2
TOP OF THE 7TH
Pocatello Boccabellas batting - Pitching for St. Louis Browns : RHP Ramón Silva
Pitching: RHP John Allan
Batting: LHB Norberto Muñóz 0-0: Swinging Strike
0-1: Ball
1-1: Foul Ball, location: 2F
1-2: Ball
2-2: Foul Ball, location: 2F
2-2: Strikes out swinging
Batting: RHB Marlon Phipps 0-0: Swinging Strike
0-1: Swinging Strike
0-2: Ball
1-2: Ball
2-2: Strikes out looking
Batting: LHB Juan Cortés 0-0: Called Strike
0-1: Ball
1-1: Foul Ball, location: 2F
1-2: Strikes out swinging
Top of the 7th over - 0 run(s), 0 hit(s), 0 error(s), 0 left on base; Pocatello 7 - St. Louis 2
BOTTOM OF THE 7TH
St. Louis Browns batting - Pitching for Pocatello Boccabellas : LHP Osvaldo Cruz
Pitching: RHP Juan Álvarez
Batting: SHB Ryobe Yamamoto 0-0: Ball
1-0: Ball
2-0: Ball
3-0: Base on Balls
Batting: LHB Mike Hill 0-0: Ball
1-0: Foul Ball, location: 2F
1-1: Ball
Ryobe Yamamoto steals 2nd base
2-1: Foul Ball, location: 2F
2-2: Ball
3-2: Fly out, F3 (Flyball, 3SF)
Batting: RHB R.J. Parker 0-0: Ball
1-0: Foul Ball, location: 2F
1-1: Ball
2-1: Foul Ball, location: 2F
2-2: Ball
3-2: Strikes out swinging
Batting: LHB Stan Hickman 0-0: Ball
1-0: Ground out 4-3 (Groundball, 4)
Bottom of the 7th over - 0 run(s), 0 hit(s), 0 error(s), 1 left on base; Pocatello 7 - St. Louis 2
TOP OF THE 8TH
Pocatello Boccabellas batting - Pitching for St. Louis Browns : RHP John Allan
Batting: RHB Francisco Sandoval 0-0: Ball
1-0: Reached on error, E6 (Groundball, 6M)
Batting: RHB Pedro Guzmán 0-0: Foul Ball, location: 2F
0-1: Bunted foul
0-2: Ball
1-2: SINGLE (Groundball, 4MD)
Francisco Sandoval to second
Batting: RHB José Delgado 0-0: Called Strike
0-1: Foul Ball, location: 2F
0-2: Strikes out looking
Batting: RHB Chris Parker 0-0: Ball
1-0: Foul Ball, location: 2F
1-1: Called Strike
1-2: Grounds out, U3 (Groundball, 3L)
Francisco Sandoval to third
Batting: RHB Carl Bryant 0-0: Foul Ball, location: 2F
0-1: Foul Ball, location: 2F
0-2: Ball
1-2: Strikes out swinging
Top of the 8th over - 0 run(s), 1 hit(s), 1 error(s), 2 left on base; Pocatello 7 - St. Louis 2
BOTTOM OF THE 8TH
St. Louis Browns batting - Pitching for Pocatello Boccabellas : RHP Juan Álvarez
Batting: RHB Carlos Alfaro 0-0: Ball
1-0: Foul Ball, location: 2F
1-1: Ground out 4-3 (Groundball, 4M)
Batting: RHB Mario Rosales 0-0: Called Strike
0-1: Swinging Strike
0-2: Fly out, F4 (Popup, 4D)
Batting: RHB Will Brown 0-0: Foul Ball, location: 2F
0-1: Swinging Strike
0-2: Strikes out looking
Bottom of the 8th over - 0 run(s), 0 hit(s), 0 error(s), 0 left on base; Pocatello 7 - St. Louis 2
TOP OF THE 9TH
Pocatello Boccabellas batting - Pitching for St. Louis Browns : RHP John Allan
Pitching: RHP Beau Brown
Batting: RHB José García 0-0: Ball
1-0: Ball
2-0: Ground out 6-3 (Groundball, 6M)
Batting: LHB Norberto Muñóz 0-0: Called Strike
0-1: Foul Ball, location: 2F
0-2: Ball
1-2: Foul Ball, location: 2F
1-2: Ball
2-2: Ground out 5-3 (Groundball, 56)
Batting: RHB Marlon Phipps 0-0: Called Strike
0-1: Foul Ball, location: 2F
0-2: Ground out 5-3 (Groundball, 56S)
Top of the 9th over - 0 run(s), 0 hit(s), 0 error(s), 0 left on base; Pocatello 7 - St. Louis 2
BOTTOM OF THE 9TH
St. Louis Browns batting - Pitching for Pocatello Boccabellas : RHP Juan Álvarez
Pitching: RHP Mike Pierce
Batting: LHB Clinton Clark 0-0: Swinging Strike
0-1: Foul Ball, location: 2F
0-2: Strikes out swinging
Batting: RHB Anthony Rucker 0-0: Ball
1-0: Swinging Strike
1-1: Fly out, F6 (Popup, 6)
Batting: SHB Ryobe Yamamoto 0-0: Ball
1-0: Foul Ball, location: 2F
1-1: Foul Ball, location: 2F
1-2: Ball
2-2: SINGLE (Line Drive, 6M)
Batting: LHB Mike Hill 0-0: Called Strike
0-1: Called Strike
0-2: Ground out U3 (Groundball, 3S)
Bottom of the 9th over - 0 run(s), 1 hit(s), 0 error(s), 1 left on base; Pocatello 7 - St. Louis 2
Monday, December 5th, 2016 - OOTP Baseball 17.12 Build 75